 Dungeon Crawl Stone Soup version 0.30.1-9-gdf580d7c3d (webtiles) character file.

Game seed: 5977399416942839289

56 lonewolfV2 the Covered (level 3, -5/29 HPs)
             Began as a Demonspawn Fighter on Oct 26, 2023.
             Slain by Grinder (9 damage)
             ... on level 3 of the Dungeon.
             The game lasted 00:02:11 (1256 turns).

lonewolfV2 the Covered (Demonspawn Fighter)         Turns: 1256, Time: 00:02:12

Health: -5/29      AC:  6    Str: 18    XL:     3   Next: 69%
Magic:  3/3        EV: 10    Int:  9    God:
Gold:   114        SH:  4    Dex: 12    Spells: 2/2 levels left

rFire   . . .        a - +0 war axe
rCold   . . .        c - +0 buckler
rNeg    . . .        b - +0 scale mail
rPois   .            (no helmet)
rElec   .            (no cloak)
rCorr   .            (no gloves)
SInv    .            (no boots)
Will    .....        (no amulet) Stlth
                     (no ring)
HPRegen 0.24/turn    (no ring)
MPRegen 0.08/turn

%: no passive effects
@: no status effects
A: sturdy frame 1, weakness stinger 1
a: no special abilities


You were on level 3 of the Dungeon.
You visited 1 branch of the dungeon, and saw 3 of its levels.

You collected 114 gold pieces.

Inventory:

Hand Weapons
 a - a +0 war axe (weapon)
Armour
 b - a +0 scale mail (worn)
 c - a +0 buckler (worn)
Scrolls
 f - 2 scrolls of identify {unknown}
Potions
 d - 3 potions of might
 e - a potion of flight {unknown}
 g - a potion of heal wounds {unknown}


   Skills:
 - Level 3.0 Fighting
 - Level 1.7 Axes
 + Level 3.2 Armour
 * Level 2.4 Dodging
 - Level 2.6 Shields


You had 2 spell levels left.
You didn't know any spells.
Your spell library contained the following spells:

 Spells                   Type           Power      Damage    Failure   Level
 Beastly Appendage        Tmut           0%         N/A       71%         1
 Wereblood                Tmut           0%         N/A       85%         2
 Spider Form              Tmut/Pois      0%         N/A       97%         3


Dungeon Overview and Level Annotations

Branches:
Dungeon (2/15)

Altars:

Shops:
D:2 :

Annotations:
D:3 Grinder


Innate Abilities, Weirdness & Mutations

Your movements are slightly less encumbered by armour. (ER -2)
You have a small tail.


Message History

The quokka barely misses you.
You slash the quokka!
You kill the quokka!
Found Niedgh's Vocational Training.
There is an entrance to Niedgh's Vocational Training here.
f - 2 scrolls labelled NANGUM UCS (gained 1)
Found two human skeletons.
Found a human skeleton.
A worm comes into view.
Found 7 stones.
A giant cockroach and an orc come into view.
Found a human skeleton and 2 potions of might.
The orc shouts!
Found a human skeleton.
A sourceless malevolence fills the Dungeon...
You fall into a shaft and drop 1 floor!
The shaft crumbles and collapses.
Found 11 gold pieces.
Grinder comes into view.
Grinder is nearby!
Grinder is nearby!
Grinder gestures at you. You resist with significant effort.
Grinder hits you but does no damage. Grinder hits you but does no damage.
Grinder gestures at you. Pain shoots through your body!
You block Grinder's attack. Grinder closely misses you.
Grinder closely misses you. Grinder gestures at you.
You suddenly lose the ability to move!
Grinder hits you.
You can move again.
Grinder hits you.
* * * LOW HITPOINT WARNING * * *
You writhe in agony.
* * * LOW HITPOINT WARNING * * *
Grinder hits you!
You die...

#.# #
#.#.###.# .#
#.......# #.
###.#..
#...#.# #
###...#.#.#
#.........#
#....5..#.#
#....@.##
.......$.#
....#......
...##...#.#..
... #.....#
#.# ..
..##### # ##.
#.


You could see Grinder.

Vanquished Creatures
  An adder (D:2)
  2 dart slugs
  3 endoplasms
  3 giant cockroaches
  5 goblins
  A hobgoblin (D:2)
  6 jackals (D:2)
  3 kobolds
  2 quokkas (D:2)
  2 ball pythons
  5 bats
  A frilled lizard (D:2)
  6 rats
40 creatures vanquished.

Notes
Turn   | Place    | Note
-------+----------+-------------------------------------------
     0 | D:1      | lonewolfV2 the Demonspawn Fighter began the quest for the
                  | Orb.
     0 | D:1      | Reached XP level 1. HP: 18/18 MP: 1/1
   112 | D:1      | Reached skill level 1 in Dodging
   125 | D:1      | Gained mutation: Your movements are slightly less
                  | encumbered by armour. (ER -2) [demonic ancestry]
   125 | D:1      | Reached XP level 2. HP: 24/24 MP: 2/2
   805 | D:2      | Gained mutation: You have a small tail. [demonic ancestry]
   805 | D:2      | Reached XP level 3. HP: 17/29 MP: 3/3
  1216 | D:2      | Found Niedgh's Vocational Training.
  1237 | D:2      | You fall into a shaft and drop 1 floor!
  1242 | D:3      | Noticed Grinder
  1253 | D:3      | Paralysed by Grinder for 2 turns
  1256 | D:3      | Slain by Grinder

Illustrated notes

Levels and vault maps discovered:
D:1:      dpeg_arrival_arbitrary_c, layout_basic
D:2:      layout_loops_ring, shapermc_ecumenical_altar_pompeii, basic_altar,
          nicolae_shop_vocational
D:3:      layout_basic, mainiacjoe_overflow_swirl, minmay_misc_feat_encased,
          uniq_grinder, uniq_crazy_yiuf_cottage, uniq_terence

Skill      XL: |  1  2 |
---------------+-------+-----
Dodging        | 1 2 |  2.4
Armour         | 3 |  3.2
Fighting       | |  3.0
Axes           | |  1.7
Shields        | |  2.6

Action                     || total
---------------------------++-------
  Melee: War axe           ||   108
         Tailslap          ||     5
    Use: Scroll            ||     1
 Armour: Scale mail        ||   130
  Dodge: Dodged            ||   124
  Block: Buckler           ||    61
